 Dungeon Crawl Stone Soup version 0.29-a0-11-ga75d3d97ab (webtiles) character file.

Game seed: 3729025720396320709

4217 oldriver the Fighter (level 10, -6/74 HPs)
             Began as an Octopode Transmuter on Jan 29, 2022.
             Was an Initiate of Gozag.
             Mangled by a slime creature (19 damage)
             ... on level 8 of the Dungeon.
             The game lasted 00:18:36 (9670 turns).

oldriver the Fighter (Octopode Transmuter)          Turns: 9670, Time: 00:18:36

Health: -6/74      AC:  5    Str:  9    XL:     10   Next: 30%
Magic:  17/17      EV: 30    Int: 18    God:    Gozag
Gold:   297        SH:  0    Dex: 15    Spells: 12/18 levels left

rFire   . . .      SeeInvis +   g - +3 war axe (elec)
rCold   . . .      Faith    .   (no shield)
rNeg    . . .      Spirit   .   (helmet restricted)
rPois   +          Reflect  .   k - amulet of the acrobat
rElec   .          Harm     .   c - +4 ring of slaying
rCorr   +          Rampage  .   a - ring of resist corrosion
Will    .....                   h - ring of see invisible
Stlth   ++++......              q - +4 ring of protection
HPRegen 0.22/turn               s - ring of poison resistance
MPRegen 0.15/turn               (no ring)
                                (no ring)
                                (no ring)

@: acrobatic
A: almost no armour, amphibious, 8 rings, camouflage 1, gelatinous body 1,
(nimble swimmer 1), tentacles
a: Renounce Religion, Potion Petition, Call Merchant, Bribe Branch


You were on level 8 of the Dungeon.
You worshipped Gozag.
Gozag was aware of your devotion.
You visited 2 branches of the dungeon, and saw 9 of its levels.
You also visited: Sewer.

You collected 723 gold pieces.
You paid 426 gold pieces to Gozag.

Inventory:

Hand Weapons
 g - a +3 war axe of electrocution (weapon)
Missiles
 n - 2 poisoned darts
 r - 5 curare-tipped darts
Jewellery
 a - a ring of resist corrosion (right tentacle)
 c - a +4 ring of slaying (left tentacle)
 h - a ring of see invisible (on tentacle)
 k - an amulet of the acrobat (around mantle)
 q - a +4 ring of protection (on tentacle)
 s - a ring of poison resistance (on tentacle)
Wands
 e - a wand of iceblast (8)
 j - a wand of acid (4)
 p - a wand of mindburst (13)
 t - a wand of polymorph (13)
Scrolls
 o - a scroll of vulnerability
 v - a scroll of fog
Potions
 b - a potion of lignification
 d - a potion of berserk rage
 f - a potion of magic
 i - 5 potions of curing
 l - a potion of degeneration {unknown}
 m - a potion of brilliance {unknown}


   Skills:
 + Level 9.4 Fighting
 - Level 5.0 Dodging
 + Level 6.2 Stealth
 - Level 3.0 Unarmed Combat
 + Level 4.7 Spellcasting
 - Level 7.0 Transmutations
 - Level 5.0 Poison Magic


You had 12 spell levels left.
You knew the following spells:

 Your Spells              Type           Power      Damage    Failure   Level
a - Beastly Appendage     Tmut           58%        N/A       1%          1
b - Wereblood             Tmut           29%        N/A       1%          2
c - Spider Form           Tmut/Pois      25%        N/A       3%          3

Your spell library contained the following spells:

 Spells                   Type           Power      Damage    Failure   Level
 Ignite Poison            Fire/Tmut/Pois 18%        N/A       8%          3
 Apportation              Tloc           8%         N/A       14%         1
 Magic Dart               Conj           16%        1d3       14%         1
 Blink                    Tloc           8%         N/A       21%         2
 Call Imp                 Summ           4%         N/A       21%         2
 Mephitic Cloud           Conj/Pois/Air  10%        N/A       21%         3
 Ice Form                 Ice/Tmut       16%        N/A       32%         4
 Alistair's Intoxication  Tmut/Pois      16%        N/A       32%         5
 Gell's Gravitas          Tloc           4%         N/A       38%         3
 Lesser Beckoning         Tloc           4%         N/A       38%         3
 Teleport Other           Tloc           4%         N/A       38%         3
 Freezing Cloud           Conj/Ice/Air   2%         6-21      98%         5
 Manifold Assault         Tloc           4%         N/A       98%         5


Dungeon Overview and Level Annotations

Branches:
Dungeon (8/15)             Temple (1/1) D:7           Sewer (visited)
   Lair: D:8-11

Altars:
Ashenzari
Cheibriados
Dithmenos
Elyvilon
Fedhas
Gozag
Hepliaklqana
Kikubaaqudgha
Makhleb
Nemelex Xobeh
Okawaru
Qazlal
Ru
Sif Muna
Trog
Uskayaw
Vehumet
Wu Jian
Xom
Yredelemnul
Zin
The Shining One

Shops:
D:1 ?   D:3 [   D:4 *   D:7 =

Annotations:
D:4 1 runed translucent door, Crazy Yiuf


Innate Abilities, Weirdness & Mutations

You cannot wear most types of armour.
You are amphibious.
You can wear up to eight rings at the same time.
Your skin changes colour to match your surroundings (Stealth+).
Your rubbery body absorbs attacks. (AC +1, EV +1)
((You are camouflaged when in or above water. (Stealth+)))
You have tentacles for arms and can constrict up to eight enemies at once.


Message History

The large slime creature is moderately wounded.
Two slime creatures merge to form a very large slime creature.
You slash the very large slime creature!
You pierce the very large slime creature, but do no damage.
The very large slime creature is lightly wounded.
You slash the slime creature! The slime creature barely misses you.
The very large slime creature barely misses you.
You slash the very large slime creature!
Your tentacle spike misses the very large slime creature.
The very large slime creature is moderately wounded.
You hit the slime creature. The slime creature barely misses you.
A very large slime creature splits.
The slime creature hits you.
You barely miss the slime creature. You tentacle-slap the slime creature.
The slime creature is moderately wounded.
You slash the large slime creature! You hit the slime creature.
You howl as the wereblood boils in your veins!
The large slime creature hits you!!
* * * LOW HITPOINT WARNING * * *
The slime creature misses you. The slime creature hits you!
* * * LOW HITPOINT WARNING * * *
The large slime creature closely misses you.
Okay, then.
Okay, then.
Okay, then.
The slime creature completely misses you.
A large slime creature splits.
The slime creature is distracted by your dazzling golden aura.
Two slime creatures merge to form a large slime creature.
The slime creature is no longer distracted by gold.
Your primal bloodlust is almost over.
Your transformation is almost over.
Your primal bloodlust has ended.
Your tentacle spike disappears.
The slime creature misses you.
Aiming: Iceblast
Press: ? - help, Shift-Dir - straight line
Okay, then.
The slime creature hits you!!
You die...
Your body crumbles into a pile of gold.

#...'..#.# ### #.#...##
#...##.#.# #.#.....
#...##.#.########(......
####...##.#.....##.........
#......##.#####.##.###.....
#.####........#.##.......##
#.#........................
#.#......J.................
#.#.#..##.@..........).....
#.#.#......................
#.#...###..................
#.#........................
#.#...###..................
#.#...............<........
#.########[................
#........[.................
#######....................


You could see a slime creature.

Vanquished Creatures
  Joseph (D:8)
  Grinder (D:4)
  A slime creature (D:8)
  3 yaks (D:7)
  A water moccasin (Sewer)
  2 sky beasts (D:6)
  4 ogres
  A necrophage (D:7)
  2 centaurs (D:6)
  3 bullfrogs
  4 scorpions
  2 wyvern zombies (D:8)
  A wyvern skeleton (D:6)
  A water moccasin skeleton (D:7)
  4 killer bees (D:7)
  18 wights
  3 jellies
  3 orc priests
  3 centaur skeletons
  4 orc wizards
  A killer bee zombie (D:7)
  A hound skeleton (D:4)
  2 howler monkey zombies
  Robin (D:2)
  5 gnolls
  4 river rats (D:6)
  3 adders
  A shadow imp (D:5)
  3 white imps
  An ufetubus (D:4)
  2 worms
  3 dart slugs
  23 orcs
  6 ball pythons
  6 endoplasms
  2 giant cockroaches
  16 goblins
  5 hobgoblins
  7 kobolds
  3 quokkas
  11 bats
  10 rats
178 creatures vanquished.

Vanquished Creatures (others)
  A bush (D:6)
  5 plants (D:6)
6 creatures vanquished.

Grand Total: 184 creatures vanquished

Notes
Turn   | Place    | Note
-------+----------+-------------------------------------------
     0 | D:1      | oldriver the Octopode Transmuter began the quest for the
                  | Orb.
     0 | D:1      | Reached XP level 1. HP: 13/13 MP: 3/3
   191 | D:1      | Found Fuat's Magic Scroll Shop.
   202 | D:1      | Reached skill level 2 in Fighting
   202 | D:1      | Reached XP level 2. HP: 17/19 MP: 3/5
   799 | D:2      | Reached XP level 3. HP: 20/25 MP: 4/6
   977 | D:2      | Reached skill level 3 in Fighting
  1249 | D:2      | Noticed Robin
  1288 | D:2      | Learned a level 2 spell: Wereblood
  1416 | D:2      | Killed Robin
  1418 | D:2      | Reached XP level 4. HP: 24/33 MP: 3/7
  1725 | D:3      | Found Geosue's Antique Armour Shop.
  1727 | D:3      | Reached skill level 4 in Fighting
  2084 | D:3      | Found a faded altar of an unknown god.
  2299 | D:3      | Found a hazy altar of Hepliaklqana.
  2678 | D:4      | Found Icrear's Lightly-Used Armoury.
  2694 | D:4      | Identified the +0 robe "Luackuck" {Str+3}
  2716 | D:4      | Noticed a scorpion
  2830 | D:4      | Noticed a scorpion
  2833 | D:4      | Killed a scorpion
  2834 | D:4      | Reached skill level 5 in Fighting
  2834 | D:4      | Reached XP level 5. HP: 33/39 MP: 8/8
  2924 | D:4      | Reached skill level 1 in Stealth
  3042 | D:4      | Reached XP level 6. HP: 37/45 MP: 3/9
  3455 | D:4      | Learned a level 3 spell: Spider Form
  3783 | D:4      | Identified the +0 robe of the Evening {*Slow rPois rCorr
                  | SInv}
  3946 | D:4      | Noticed Grinder
  3955 | D:4      | Killed Grinder
  3956 | D:4      | Reached skill level 1 in Poison Magic
  3956 | D:4      | Reached XP level 7. HP: 48/51 MP: 7/10
  4013 | D:4      | Found a runed translucent door.
  4014 | D:4      | Noticed Crazy Yiuf
  4134 | D:5      | Entered Level 5 of the Dungeon
  4290 | D:5      | Found a glowing drain.
  4310 | Sewer    | Entered a sewer
  4341 | Sewer    | Reached skill level 6 in Fighting
  4489 | D:5      | Reached XP level 8. HP: 43/57 MP: 8/11
  4692 | D:5      | Reached skill level 5 in Stealth
  5602 | D:6      | Reached skill level 5 in Dodging
  5692 | D:6      | Reached skill level 7 in Fighting
  6233 | D:6      | Reached skill level 5 in Transmutations
  6340 | D:6      | Reached XP level 9. HP: 26/64 MP: 8/12
  7258 | D:6      | Reached skill level 8 in Fighting
  7511 | D:7      | Found a staircase to the Ecumenical Temple.
  7521 | Temple   | Entered the Ecumenical Temple
  7731 | Temple   | Became a worshipper of Gozag Ym Sagoz the Greedy
  7874 | D:7      | Found Etsijyov's Jewellery Boutique.
  8464 | D:7      | Reached skill level 5 in Poison Magic
  8466 | D:7      | Reached skill level 9 in Fighting
  8466 | D:7      | Reached XP level 10. HP: 74/74 MP: 13/15
  8816 | D:8      | Noticed Joseph
  8893 | D:8      | Killed Joseph
  9670 | D:8      | Mangled by a slime creature

Illustrated notes

Levels and vault maps discovered:
D:1:      dpeg_arrival_pond, layout_rooms, serial_shops,
          nicolae_shop_waterfront, minmay_pentomino_r2
D:2:      layout_loops_ring, uniq_robin
D:3:      layout_loops_ring, worldfamousw_hep_ancestral_shrine,
          shapermc_ecumenical_altar_mp_ritualfount, serial_forest,
          infiniplex_forest_lined_room_, infiniplex_forest_lined_corner,
          infiniplex_forest_split, infiniplex_forest_split,
          infiniplex_forest_clump_tiny, infiniplex_forest_straight_4,
          infiniplex_forest_lined_3, infiniplex_forest_lined_room_,
          serial_shops, shop
D:4:      layout_basic, minmay_shop_damaged, uniq_crazy_yiuf_cottage,
          uniq_grinder
D:5:      layout_loops_corners, cheibrodos_sewer_entry_drain, chequers_avenue,
          minmay_tree_intersection
D:6:      wad_woods_tower, layout_basic, kb_lookout_dungeons_type
D:7:      layout_basic, minmay_temple_entry_statues_pillars, serial_shops,
          nicolae_shop_advertising_works [nicolae_subvault_shop_adworks],
          minmay_misc_feat_four_crosses
D:8:      layout_basic, lair_entry_dummy, uniq_joseph
Temple:   mainiacjoe_temple_hex_bubbles

Skill      XL: |  1  2  3  4  5  6  7  8  9 10 |
---------------+-------------------------------+-----
Fighting       | 2 3 5 6 7 9 |  9.4
Stealth        | 2 3 4 5 6 |  6.2
Dodging        | 3 5 |  5.0
Poison Magic   | 1 2 3 5 |  5.0
Transmutations | 3 5 7 |  7.0
Spellcasting   | 3 4 |  4.7
Unarmed Combat | |  3.0

Action                   |  1- 3 |  4- 6 |  7- 9 | 10-12 || total
-------------------------+-------+-------+-------+-------++-------
Melee: Unarmed           |    64 |     5 |    70 |    24 ||   163
       Constrict         |    21 |    16 |    34 |     6 ||    77
       Tentacles         |    10 |    14 |    19 |     5 ||    48
       Kick              |    17 |    14 |    41 |    11 ||    83
       War axe           |       |    52 |   119 |    25 ||   196
       Punch             |       |       |     3 |     1 ||     4
Throw: Dart              |       |     4 |     2 |     3 ||     9
 Cast: Beastly Appendage |    23 |    25 |    29 |     6 ||    83
       Wereblood         |     2 |    12 |    22 |     7 ||    43
       Spider Form       |       |       |    13 |     3 ||    16
Invok: Potion Petition   |       |       |     1 |       ||     1
 Abil: End Transformatio |       |       |     1 |       ||     1
  Use: Scroll            |       |       |     9 |     3 ||    12
 Stab: Sleeping          |    10 |     3 |    11 |       ||    24
Armor: Skin              |     6 |     1 |    10 |     4 ||    21
Dodge: Dodged            |    35 |    46 |   212 |    48 ||   341

Table legend: (Time is in decaauts)
 A = Elapsed time spent in this place.
 B = Non-inter-level travel time spent in this place.
 C = Inter-level travel time spent in this place.
 D = Time resting spent in this place.
 E = Time spent auto-exploring this place.
 F = Levels seen in this place.
 G = Mean time per level.
                   A        B        C        D        E       F      G
               +--------+--------+--------+--------+--------+-----+--------+
         Total |   9767 |   9372 |    395 |   1153 |   6135 |  10 |  976.7 |
       Dungeon |   9451 |   9080 |    371 |   1153 |   5883 |   8 | 1181.4 |
        Temple |    232 |    208 |     24 |      0 |    205 |   1 |  232.0 |
         Sewer |     82 |     82 |      0 |      0 |     47 |   1 |   82.0 |
               +--------+--------+--------+--------+--------+-----+--------+

Top non-repeatable levels by time:
     D:6: 2049 daAuts
     D:3: 1294 daAuts
     D:4: 1191 daAuts
     D:8: 1112 daAuts
     D:5: 1074 daAuts
     D:2: 1067 daAuts
     D:7: 1059 daAuts
     D:1: 602 daAuts
  Temple: 232 daAuts
   Sewer: 82 daAuts
